[Event "*** Titled Tuesday Blitz"]
[Site "Chess.com"]
[Date "2021.04.20"]
[Round "9"]
[White "juancruzarias"]
[Black "bricolageur"]
[Result "1-0"]
[WhiteElo "2571"]
[BlackElo "2371"]
[TimeControl "180+1"]
[EndTime "11:44:32 PDT"]
[Termination "juancruzarias won on time"]

1. d4 Nf6 2. Nf3 g6 3. Bg5 Bg7 4. Nbd2 d6 5. c3 O-O 6. e4 Nc6 7. Be2 e5 8. dxe5 Nxe5 9. Nxe5 dxe5 10. O-O Qe7 11. Qc2 a5 12. a4 b6 13. Rfe1 Bb7 14.
Bf1 Rad8 15. Nc4 Qc5 16. Be3 Qe7 17. f3 Nh5 18. b4 axb4 19. cxb4 Qxb4 20. Reb1 Qe7 21.
a5 Ra8 22. axb6 cxb6 23. Nxb6 Rxa1 24. Rxa1 Rb8 25. Ra7 Bf8 26. Ba6 Nf4 27. Nd5 Nxd5 28. exd5 Qd7 29. Bc4 Qd6 30. Qd3 Bc8 31. h3 Bf5 32.
Qd2 Rb1+ 33. Kh2 Qd8 34. d6 Bxd6 35. Rxf7 Kh8 36. Bc5 1-0

[Event "*** Titled Tuesday Blitz"]
[Site "Chess.com"]
[Date "2021.04.20"]
[Round "9"]
[White "Agoking701"]
[Black "ChampStan"]
[Result "1-0"]
[WhiteElo "2310"]
[BlackElo "2095"]
[TimeControl "180+1"]
[EndTime "11:44:32 PDT"]
[Termination "Agoking701 won by resignation"]

1. Nc3 g6 2. h4 h5 3. d4 Bg7 4. Nf3 Nf6 5. Bg5 d6 6. e4 Bg4 7.
Qd2 c6 8. Nh2 Be6 9. Be2 Nbd7 10. O-O O-O 11. f4 Bg4 12. Nxg4 Nxg4 13. f5 Qb6 14. Rad1 Ndf6 15. Na4 Qc7 16. Qf4 e5 17.
dxe5 dxe5 18. Qf3 Qa5 19. b3 Qb4 20. Bd3 b5 21. c3 Qa5 22. Nc5 Qxc3 23. Rc1 Qd4+ 24.
Kh1 Nh7 25. Be7 Rfe8 26. fxg6 fxg6 27. Qf7+ Kh8 28. Ne6 1-0

[Event "*** Titled Tuesday Blitz"]
[Site "Chess.com"]
[Date "2021.04.20"]
[Round "9"]
[White "Reader777"]
[Black "korkmaz16"]
[Result "0-1"]
[WhiteElo "2661"]
[BlackElo "2469"]
[TimeControl "180+1"]
[EndTime "11:44:33 PDT"]
[Termination "korkmaz16 won by resignation"]

1. d4 d5 2. c4 e5 3. dxe5 d4 4. Nf3 Nc6 5. g3 Be6 6. Nbd2 Qd7 7. Bg2 Bh3 8. Bxh3 Qxh3 9. Qa4 O-O-O 10. a3 d3 11. e4 Bc5 12. b4 Qg2 13. Rf1 Bd4 14. b5 Nxe5 15. Nxe5 Bxe5 16. Rb1 Kb8 17. Bb2 Bxb2 18.
Rxb2 Nf6 19. Qd1 Rhe8 20. Qf3 Qxf3 21. Nxf3 Rxe4+ 22. Kd1 Rxc4 23. Re1 Ne4 24. Ne5 Rcd4 25. Nf3 Rc4 26. Re3 f5 27. Ne5 d2 28. Nxc4 Nxf2+ 0-1

[Event "*** Titled Tuesday Blitz"]
[Site "Chess.com"]
[Date "2021.04.20"]
[Round "9"]
[White "chessbia"]
[Black "Mikhal867"]
[Result "0-1"]
[WhiteElo "2315"]
[BlackElo "2445"]
[TimeControl "180+1"]
[EndTime "11:44:33 PDT"]
[Termination "Mikhal867 won on time"]

1. d4 g6 2. c4 Bg7 3. Nc3 d6 4. e4 Nf6 5. Bd3 O-O 6. Nge2 e5 7.
d5 a5 8. O-O Na6 9. Bc2 Nc5 10.
Rb1 Bd7 11. b3 Nh5 12. a3 f5 13. exf5 gxf5 14. f4 e4 15. Be3 Kh8 16. b4 axb4 17. axb4 Na6 18. Qd2 Rg8 19. Bd4 Qh4 20. Nd1 Nf6 21. Ne3 Ng4 22. h3 Ne5 23. fxe5 dxe5 24.
Bc3 f4 25. Nd1 f3 26. Nc1 fxg2 27. Rf2 Qxh3 28. Rxg2 Bf6 29. Ne3 Rxg2+ 30. Nxg2 Rg8 31. Nb3 Bg4 32. Nc5 Bf3 0-1

[Event "*** Titled Tuesday Blitz"]
[Site "Chess.com"]
[Date "2021.04.20"]
[Round "9"]
[White "jraosam"]
[Black "vova-79"]
[Result "0-1"]
[WhiteElo "1922"]
[BlackElo "2531"]
[TimeControl "180+1"]
[EndTime "11:44:34 PDT"]
[Termination "vova-79 won on time"]

1. c4 c6 2. d4 d5 3. e3 Nf6 4. Nf3 e6 5. Nbd2 Nbd7 6. Bd3 Be7 7. O-O O-O 8. b3 b6 9. Bb2 Bb7 10. Ne5 Nxe5 11. dxe5 Nd7 12. f4 Nc5 13. Bc2 dxc4 14. Nxc4 Qxd1 15. Raxd1 Rfd8 16. Nd6 Ba6 17. Rfe1 Nb7 18.
Ba3 c5 19. Be4 Rab8 20. Nc4 Rxd1 21. Rxd1 Rd8 22. Rxd8+ Nxd8 23. Nd6 Kf8 24. Bb2 h6 25. a3 f6 26. b4 cxb4 27. axb4 Bxd6 28. exd6 Ke8 29. Bg6+ Kd7 30. Ba3 Bb5 31. e4 Kxd6 32. e5+ fxe5 33. fxe5+ Ke7 34. Kf2 Nc6 35. Bb1 Nxe5 36.
Bb2 Ng4+ 37. Kg3 Nf6 38. Be5 Kd7 39. Bb8 a5 40. Ba7 Kc7 41. bxa5 bxa5 42. Bd4 Kd6 43.
Bb2 e5 44. Kf3 a4 45. g4 Bc6+ 46. Kg3 Bd5 47. Ba3+ Ke6 48. Bf5+ Kf7 49. Bc8 Be6 0-1

[Event "*** Titled Tuesday Blitz"]
[Site "Chess.com"]
[Date "2021.04.20"]
[Round "9"]
[White "szachuspl"]
[Black "GMJustin"]
[Result "1-0"]
[WhiteElo "2519"]
[BlackElo "2298"]
[TimeControl "180+1"]
[EndTime "11:44:35 PDT"]
[Termination "szachuspl won on time"]

1. d4 Nf6 2. c4 c5 3. d5 b5 4.
Nf3 g6 5. Qc2 bxc4 6. e4 d6 7.
Bxc4 Bg7 8. O-O O-O 9. Re1 Nbd7 10. h3 Ne8 11. Na3 Nc7 12. Bf4 Rb8 13. Rab1 a6 14. g4 Nb5 15. Nxb5 axb5 16. Bf1 Qa5 17. b3 Ra8 18. e5 dxe5 19. Nxe5 Nxe5 20. Bxe5 Bxe5 21. Rxe5 Qxa2 22. Qxa2 Rxa2 23. Bxb5 e6 24. d6 Rd2 25. Rxc5 Rxd6 26. Bc6 Bd7 27. Bf3 f5 28. b4 fxg4 29. Bxg4 Rd2 30. Rd1 Rfxf2 31. Rxd2 Rxd2 32. Rc7 Kf8 33. Bf3 Ke7 34. Rb7 Kd6 35. b5 Rb2 36. b6 Bc6 37. Bxc6 Kxc6 38. Rxh7 Rxb6 39. Rg7 Kd5 40. Rxg6 Rb2 41. Rg8 Ke5 42. Rf8 Rc2 43. h4 Rc4 44. Rh8 1-0

[Event "*** Titled Tuesday Blitz"]
[Site "Chess.com"]
[Date "2021.04.20"]
[Round "9"]
[White "Mr_Sinigami"]
[Black "sokidze"]
[Result "0-1"]
[WhiteElo "2623"]
[BlackElo "2761"]
[TimeControl "180+1"]
[EndTime "11:44:36 PDT"]
[Termination "sokidze won by resignation"]

1. d4 Nf6 2. Nf3 e6 3. Bf4 d5 4. e3 Bd6 5. Bg3 O-O 6. Nbd2 c5 7. c3 Qc7 8. Ne5 Nbd7 9. f4 Ne4 10. Nxe4 dxe4 11. Be2 cxd4 12. exd4 f6 13. Nxd7 Bxd7 14.
O-O Rad8 15. Qd2 b5 16. Qe3 Bc6 17. Kh1 Rc8 18. Bg4 f5 19. Be2 a6 20. a4 bxa4 21.
Bxa6 Rb8 22. Rf2 Kh8 23. Bh4 Bd7 24. Bf1 Rb3 25. Bg5 Rfb8 26. Ra2 a3 27. bxa3 Rxc3 28. Qe1 h6 29. Bh4 Bxf4 30. Rxf4 Qxf4 31. Bg3 Qc1 32. Ra1 Qxe1 33. Rxe1 Rbc8 34. Bd6 Rc1 0-1

[Event "*** Titled Tuesday Blitz"]
[Site "Chess.com"]
[Date "2021.04.20"]
[Round "9"]
[White "IANOV0007"]
[Black "tusplingher"]
[Result "1-0"]
[WhiteElo "2469"]
[BlackElo "2281"]
[TimeControl "180+1"]
[EndTime "11:44:36 PDT"]
[Termination "IANOV0007 won by resignation"]

1. Nf3 g6 2. g3 Bg7 3. Bg2 c5 4. c4 Nc6 5. Nc3 e6 6. O-O Nge7 7. d3 d5 8. Bg5 h6 9. Bd2 O-O 10. a3 b6 11. Rb1 a5 12. b3 Bb7 13. Nb5 Ba6 14. Qc1 Kh7 15. Bc3 Bxb5 16. Bxg7 Kxg7 17.
cxb5 Nd4 18. Nxd4 cxd4 19. Qf4 Qd7 20. Qxd4+ Kh7 21. a4 Rab8 22. Rfc1 Rfc8 23. e4 Rd8 24. Qf6 Ng8 25. Qe5 dxe4 26. dxe4 Rbc8 27. h4 Qd2 28.
Qf4 Qxf4 29. gxf4 Ne7 30. Rxc8 Rxc8 31. Rd1 Rc3 32. Rd7 Nc8 33. Rxf7+ Kg8 34. Rd7 Kf8 35. Kh2 Ke8 36. Rh7 h5 37. Bh3 Rxb3 38. Bxe6 Rc3 39. Rh8+ Ke7 40. Bxc8 1-0

[Event "*** Titled Tuesday Blitz"]
[Site "Chess.com"]
[Date "2021.04.20"]
[Round "9"]
[White "Arystanner"]
[Black "Skat2704"]
[Result "1-0"]
[WhiteElo "2809"]
[BlackElo "2671"]
[TimeControl "180+1"]
[EndTime "11:44:37 PDT"]
[Termination "Arystanner won by resignation"]

1. e4 c6 2. d4 d5 3. exd5 cxd5 4.
c4 e6 5. Nc3 Nf6 6. Nf3 Be7 7.
cxd5 Nxd5 8. Bd3 O-O 9. O-O b6 10. Qc2 h6 11. Nxd5 exd5 12. Bf4 Bb7 13. Rac1 Nc6 14. a3 Rc8 15. Qd2 Bf6 16. Bf5 Ra8 17. Bxh6 Ne7 18. Bb1 gxh6 19. Qxh6 Ng6 20. Bxg6 fxg6 21.
Qxg6+ Kh8 22. Rc3 Qe7 23. Ne5 Qg7 24. Qh5+ Qh7 25. Ng6+ Kg7 26. Qxh7+ Kxh7 27. Nxf8+ Rxf8 28. Rc7+ Kg6 29. Rxb7 Bxd4 30. Rxa7 Bxb2 31. a4 d4 32. Rd7 Kf5 33. Re1 Rc8 34. Rd5+ Kf6 35. Rb5 Rc6 1-0

[Event "*** Titled Tuesday Blitz"]
[Site "Chess.com"]
[Date "2021.04.20"]
[Round "9"]
[White "BigAl"]
[Black "superchess02"]
[Result "0-1"]
[WhiteElo "2586"]
[BlackElo "2738"]
[TimeControl "180+1"]
[EndTime "11:44:37 PDT"]
[Termination "superchess02 won on time"]

1. Nf3 Nf6 2. g3 g6 3. Bg2 Bg7 4. O-O O-O 5. d3 d6 6. e4 Nbd7 7. Nc3 c6 8. a4 Qc7 9. a5 Rb8 10. h3 b5 11. axb6 axb6 12. Bg5 Bb7 13. Qd2 Rfe8 14. Bh6 Bh8 15. Nh2 b5 16. f4 b4 17.
Nd1 c5 18. Ne3 Ra8 19. Rab1 Ra2 20. Bg5 Rea8 21. Nhg4 Nxg4 22. Nxg4 f6 23. Bh6 f5 24.
Ne3 e6 25. Kh2 Rxb2 26. Rxb2 Bxb2 27. exf5 gxf5 28. Nc4 Bg7 29. Bxg7 Kxg7 30. Bxb7 Qxb7 31. Nxd6 Qd5 32. Nc4 Ra2 33. Rf2 b3 34. Ne3 Qd4 35. Qe1 Ra1 36. Nxf5+ exf5 37. Qe7+ Kg8 38. Kg2 Qd5+ 39.
Rf3 bxc2 40. Qg5+ Kf7 41. Qh5+ Ke7 42. Qxh7+ Kd6 43. Qg6+ Kc7 0-1

[Event "*** Titled Tuesday Blitz"]
[Site "Chess.com"]
[Date "2021.04.20"]
[Round "9"]
[White "Nozdrachev_Leonid"]
[Black "GregShahade"]
[Result "1-0"]
[WhiteElo "2562"]
[BlackElo "2683"]
[TimeControl "180+1"]
[EndTime "11:44:37 PDT"]
[Termination "Nozdrachev_Leonid won by resignation"]

1. e4 e5 2. Nf3 Nc6 3. Bb5 a6 4. Ba4 Nf6 5. O-O Be7 6. Bxc6 dxc6 7. Re1 Bg4 8. h3 Bh5 9. g4 Nxg4 10. hxg4 Bxg4 11.
Qe2 Bc5 12. d4 exd4 13. Qc4 Bxf3 14. Qxc5 Qh4 15. Qe5+ Kf8 16. Qh2 Qg4+ 17. Kf1 Bxe4 18. Qg3 Qxg3 19. fxg3 Bxc2 20. Bf4 h5 21. Na3 Bf5 22.
Rad1 Rd8 23. Bxc7 Rd7 24. Bb6 d3 25. Nc4 h4 26. Bc5+ Kg8 27. Re8+ Kh7 28. Rxh8+ Kxh8 29. gxh4 Rd5 30. Bb6 Bg6 31. Kf2 Kh7 32. Ke3 Rh5 33.
Rh1 f6 34. Bd4 b5 35. Nd6 c5 36. Bc3 c4 37. a4 Rd5 38. Ne4 Rd6 39. Nxd6 f5 40.
h5 1-0

[Event "*** Titled Tuesday Blitz"]
[Site "Chess.com"]
[Date "2021.04.20"]
[Round "9"]
[White "PavelChernomordik"]
[Black "pastouche06"]
[Result "0-1"]
[WhiteElo "2393"]
[BlackElo "2566"]
[TimeControl "180+1"]
[EndTime "11:44:37 PDT"]
[Termination "pastouche06 won by checkmate"]

1. e4 c6 2. Nc3 d5 3. Qf3 d4 4.
Bc4 Nf6 5. e5 dxc3 6. exf6 exf6 7. dxc3 Nd7 8. Bf4 Be7 9. O-O-O O-O 10. h4 Qa5 11. Bb3 Nc5 12. Kb1 Nxb3 13. axb3 Be6 14. Ne2 Rfd8 15. Nd4 Bf8 16. h5 Qd5 17. Qg3 c5 18.
Nxe6 Qxd1+ 19. Rxd1 Rxd1+ 20. Ka2 fxe6 21. Qg4 Re1 22. Be3 Kf7 23. Qe4 Rb8 24. Qxh7 Rd8 25. Qg6+ Kg8 26. b4 c4 27. Qe4 b5 28. Qxe6+ Kh8 29.
Qf7 Rdd1 30. Bc1 Rxc1 31. Qxf8+ Kh7 32. b3 Ra1+ 33. Kb2 Reb1# 0-1

[Event "*** Titled Tuesday Blitz"]
[Site "Chess.com"]
[Date "2021.04.20"]
[Round "9"]
[White "rachidhuilda"]
[Black "HouseOfDurin"]
[Result "1/2-1/2"]
[WhiteElo "2258"]
[BlackElo "2130"]
[TimeControl "180+1"]
[EndTime "11:44:38 PDT"]
[Termination "Game drawn by repetition"]

1. d4 Nf6 2. Bg5 e6 3. e4 h6 4. Bxf6 Qxf6 5. c3 g5 6. Ne2 Bg7 7. Ng3 h5 8. Nxh5 Qh6 9. Nxg7+ Qxg7 10. Be2 b6 11. Nd2 Bb7 12. h3 Nc6 13. Qc2 O-O-O 14. O-O-O a5 15. Bf3 d5 16. exd5 exd5 17. Bg4+ Kb8 18.
Rde1 Rhe8 19. Nf3 f6 20. Rxe8 Rxe8 21. Re1 Rxe1+ 22. Nxe1 Ne7 23. Nf3 Qf7 24. Bf5 Nxf5 25.
Qxf5 Bc8 26. Qd3 g4 27. hxg4 Bxg4 28. Qe3 Qh5 29. Ne1 Bf5 30. f3 Qh1 31. g4 Bc8 32.
Kd2 Qh2+ 33. Qe2 Qf4+ 34. Qe3 Qh2+ 35. Kc1 Ba6 36. a4 Bc4 37. Qd2 Qh1 38. Qf2 Bb3 39. Kd2 Qh6+ 40. Qe3 Qh2+ 41. Qe2 Qh6+ 42. Qe3 Qh2+ 43.
Qe2 Qh6+ 44. Qe3 1/2-1/2

[Event "*** Titled Tuesday Blitz"]
[Site "Chess.com"]
[Date "2021.04.20"]
[Round "9"]
[White "Zq1"]
[Black "vanyakuba"]
[Result "0-1"]
[WhiteElo "2519"]
[BlackElo "2408"]
[TimeControl "180+1"]
[EndTime "11:44:40 PDT"]
[Termination "vanyakuba won by resignation"]

1. d4 d5 2. c4 e6 3. Nc3 c5 4. cxd5 cxd4 5. Qxd4 Nc6 6. Qd1 exd5 7. Qxd5 Bd7 8. Nf3 Nf6 9. Qd1 Bc5 10. e3 Qe7 11. Be2 O-O-O 12. O-O g5 13. Nd4 Kb8 14. Bf3 Ne5 15. b4 Nxf3+ 16. Qxf3 Bg4 17. Nf5 Qc7 18. Qg3 Qxg3 19. Nxg3 Bxb4 20. Bb2 Rhe8 21. f3 Bc8 22. Nce4 Nd5 23. Nxg5 Nxe3 24. Rf2 Rd1+ 25. Rxd1 Nxd1 26. Rc2 Re1+ 27. Nf1 Bf5 28. Ne4 Ne3 29. Rf2 Bxe4 30. fxe4 Nxf1 31. Bd4 Ne3+ 0-1

[Event "*** Titled Tuesday Blitz"]
[Site "Chess.com"]
[Date "2021.04.20"]
[Round "9"]
[White "Ghost_Pepper"]
[Black "BashirliSaadat"]
[Result "1-0"]
[WhiteElo "2366"]
[BlackElo "2187"]
[TimeControl "180+1"]
[EndTime "11:44:40 PDT"]
[Termination "Ghost_Pepper won by checkmate"]

1. e4 c5 2. Nf3 g6 3. d4 cxd4 4. Nxd4 Nc6 5. c4 Nf6 6. Nc3 Nxd4 7. Qxd4 d6 8. Bg5 Bg7 9. Be2 O-O 10. Qd2 Be6 11. O-O a5 12. f4 Bd7 13. Kh1 a4 14. Rad1 Kh8 15. e5 Ne8 16. Nd5 f6 17. Bh4 Bc6 18. f5 Bxd5 19. Qxd5 g5 20. Bg3 Nc7 21.
Qxb7 fxe5 22. Bf3 Rb8 23. Qc6 Rxb2 24. Qxa4 Rxf5 25. Be4 Rxf1+ 26. Rxf1 Ne6 27. Qd1 Nf4 28. Qg4 h6 29. Qf5 Qg8 30. Bxf4 exf4 31. c5 dxc5 32. Bd5 Qf8 33. Qe4 Rxa2 34. Bxa2 Qd8 35. Bb1 Qg8 36.
Rd1 Bd4 37. Bc2 Qg7 38. h3 e5 39. Rb1 Qg8 40. Rb8 Qxb8 41. Qh7# 1-0

[Event "*** Titled Tuesday Blitz"]
[Site "Chess.com"]
[Date "2021.04.20"]
[Round "9"]
[White "Anton_Demchenko"]
[Black "Borsuk_Konstantin"]
[Result "1-0"]
[WhiteElo "2903"]
[BlackElo "2696"]
[TimeControl "180+1"]
[EndTime "11:44:41 PDT"]
[Termination "Anton_Demchenko won on time"]

1. e4 e6 2. d4 d5 3. Nd2 Nf6 4. e5 Nfd7 5. c3 c5 6. f4 Nc6 7. Ndf3 cxd4 8. cxd4 Bb4+ 9. Kf2 f6 10. g3 g5 11. exf6 g4 12. f7+ Kf8 13. Ne5 Nf6 14.
Kg2 Qb6 15. Ne2 Bd6 16. h3 gxh3+ 17. Rxh3 Kg7 18. b3 h5 19. Qd3 Ne7 20. g4 Bxe5 21. fxe5 Nxg4 22. Nf4 Nf5 23. Be2 Qxd4 24. Qxd4 Nxd4 25.
Bxg4 Kxf7 26. Bxh5+ Kg7 27. Rg3+ Kh7 28. Bg6+ Kg7 29. Be3 Nc6 30. Bc5 1-0

[Event "*** Titled Tuesday Blitz"]
[Site "Chess.com"]
[Date "2021.04.20"]
[Round "9"]
[White "MateusViageiro"]
[Black "Deepweb2020"]
[Result "0-1"]
[WhiteElo "2282"]
[BlackElo "2474"]
[TimeControl "180+1"]
[EndTime "11:44:41 PDT"]
[Termination "Deepweb2020 won on time"]

1. e4 c6 2. d4 d5 3. Nc3 dxe4 4. Nxe4 Nf6 5. Nxf6+ exf6 6. c3 Bd6 7. Bd3 O-O 8.
Qc2 Re8+ 9. Ne2 h5 10. O-O h4 11. h3 Nd7 12. Be3 Nf8 13. Rfe1 Bb8 14. Qd2 g5 15. f4 Qc7 16. Rf1 Be6 17. Rf2 Bd5 18. fxg5 Qh2+ 19. Kf1 Bg3 20. Ng1 Bxf2 21. Qxf2 Qxg2+ 22. Qxg2 Bxg2+ 23. Kf2 Bd5 24. gxf6 Nh7 25. Bxh7+ Kxh7 26. Ne2 Re6 27.
Bg5 Re4 28. Rg1 Rg8 29. b3 b5 30.
Nc1 Be6 31. Nd3 Bxh3 32. Ne5 c5 33. Nxf7 cxd4 34. cxd4 Rxd4 35. Nh6 Rxg5 0-1

[Event "*** Titled Tuesday Blitz"]
[Site "Chess.com"]
[Date "2021.04.20"]
[Round "9"]
[White "JoachimMouhamad"]
[Black "annamaja"]
[Result "1-0"]
[WhiteElo "2452"]
[BlackElo "2280"]
[TimeControl "180+1"]
[EndTime "11:44:41 PDT"]
[Termination "JoachimMouhamad won on time"]

1. e4 e6 2. d4 d5 3. Nc3 Nf6 4. e5 Nfd7 5. f4 c5 6. Nf3 Nc6 7. Be3 Be7 8. Qd2 O-O 9. dxc5 Bxc5 10. O-O-O Bxe3 11. Qxe3 Qb6 12. Qxb6 Nxb6 13. b3 Bd7 14.
Kb2 a6 15. a4 Rfc8 16. Na2 Rc7 17. Bd3 Nc8 18. h4 N8e7 19. h5 h6 20. g4 b5 21. axb5 axb5 22. Bxb5 Rxa2+ 23. Kxa2 Nb4+ 24. Ka3 Nxc2+ 25. Kb2 Bxb5 26. Rc1 Bd3 27. Nd4 Be4 28.
Rh2 Nxd4 29. Rxc7 Kf8 30. Ka3 Nb5+ 31. Kb4 Nxc7 32. Kc5 Ke8 33. b4 Kd7 34. b5 Nc8 35. Ra2 Bd3 36. b6 Nxb6 37. Kxb6 Ne8 38. Ra7+ Kd8 39.
Kc6 1-0

[Event "*** Titled Tuesday Blitz"]
[Site "Chess.com"]
[Date "2021.04.20"]
[Round "9"]
[White "catzapto"]
[Black "Piccadilly123"]
[Result "1/2-1/2"]
[WhiteElo "2110"]
[BlackElo "2222"]
[TimeControl "180+1"]
[EndTime "11:44:42 PDT"]
[Termination "Game drawn by repetition"]

1. e4 g6 2. d4 Bg7 3. Bd3 Bxd4 4. h4 h5 5. g4 hxg4 6. Qxg4 d5 7. Qg2 dxe4 8.
Bxe4 c6 9. Ne2 Bg7 10. h5 Nf6 11. hxg6 Rxh1+ 12. Qxh1 Nxe4 13. gxf7+ Kxf7 14. Qxe4 Qd5 15. Nbc3 Qxe4 16. Nxe4 Bf5 17. N2g3 Bg6 18. c3 Nd7 19. Ng5+ Kf6 20. Be3 Ne5 21. O-O-O Nd3+ 22. Kd2 Nxb2 23.
Rg1 Nc4+ 24. Ke2 Nxe3 25. N3e4+ Ke5 26. Kxe3 Bh6 27. f4+ Kd5 28. Rd1+ Kc4 29. Rd4+ Kb5 30. Rb4+ Ka6 31. Nc5+ Ka5 32. Nxb7+ Ka6 33. Nc5+ Ka5 34. Nb7+ Ka6 35. Nc5+ Ka5 36. Nb7+ 1/2-1/2

[Event "*** Titled Tuesday Blitz"]
[Site "Chess.com"]
[Date "2021.04.20"]
[Round "9"]
[White "federicosellitti"]
[Black "DanielTitichoca"]
[Result "1-0"]
[WhiteElo "2607"]
[BlackElo "2315"]
[TimeControl "180+1"]
[EndTime "11:44:44 PDT"]
[Termination "federicosellitti won by resignation"]

1. e4 c5 2. Nc3 Nc6 3. g3 a6 4. Bg2 g6 5. d3 Bg7 6. Be3 d6 7. Qd2 Rb8 8. Nge2 b5 9. O-O b4 10.
Nd1 e6 11. f4 Nge7 12. f5 exf5 13. Bh6 O-O 14. Bxg7 Kxg7 15. Ne3 fxe4 16. dxe4 Ne5 17. Nf4 Be6 18. Nxe6+ fxe6 19. Rxf8 Kxf8 20. Rf1+ Kg7 21. Bh3 N7c6 22. Bxe6 Nd4 23. Bg4 h5 24. Bd1 Rb7 25.
c3 bxc3 26. bxc3 Ne6 27. Qd5 Re7 28. Nf5+ gxf5 29. exf5 Nc7 30. f6+ Kh8 31. fxe7 Qxe7 32. Qe4 Qg7 33. Bc2 Ne6 34. Rf6 Ng5 35. Qf5 Nef3+ 36.
Kf2 Ne4+ 37. Bxe4 Ng5 38. Rf8+ 1-0

[Event "*** Titled Tuesday Blitz"]
[Site "Chess.com"]
[Date "2021.04.20"]
[Round "9"]
[White "KuzubovYuriy"]
[Black "Hikaru"]
[Result "0-1"]
[WhiteElo "2881"]
[BlackElo "3180"]
[TimeControl "180+1"]
[EndTime "11:44:45 PDT"]
[Termination "Hikaru won by checkmate"]

1. d4 Nf6 2. Nf3 e6 3. c4 d5 4. g3 Be7 5. Bg2 O-O 6. O-O dxc4 7.
Qc2 a6 8. a4 Bd7 9. Qxc4 Bc6 10. Bg5 Nbd7 11. Nbd2 h6 12. Bxf6 Nxf6 13. Qc2 Bb4 14.
Rfd1 Rc8 15. e3 Bxf3 16. Nxf3 a5 17. Ne5 c6 18. h4 Qe7 19. Nc4 Rcd8 20. e4 h5 21. Rd3 g6 22. Rf1 Kg7 23. Ne3 Rd7 24. e5 Ng8 25. Qe2 Rfd8 26. Rfd1 Nh6 27. f4 Rh8 28. Be4 Qd8 29. Kg2 Be7 30. Qc2 Qb8 31. Qe2 Qa7 32. Nc2 Bd8 33. b3 Bb6 34. R1d2 Rhd8 35. Qd1 Ng4 36. Bf3 Nh6 37. Be4 Kg8 38. Qa1 Qa6 39. Qd1 Ba7 40. Rc3 Qb6 41. Rcd3 Kg7 42. Bf3 c5 43. dxc5 Qxc5 44. Rxd7 Rxd7 45.
Rxd7 Qf2+ 46. Kh1 Nf5 47. Rxf7+ Kxf7 48. Qd7+ Ne7 49. Qxb7 Qg1# 0-1

[Event "*** Titled Tuesday Blitz"]
[Site "Chess.com"]
[Date "2021.04.20"]
[Round "9"]
[White "QuintilianoR"]
[Black "ural58"]
[Result "0-1"]
[WhiteElo "2656"]
[BlackElo "2469"]
[TimeControl "180+1"]
[EndTime "11:44:45 PDT"]
[Termination "ural58 won on time"]

1. e4 d5 2. exd5 Qxd5 3. Nc3 Qa5 4. d4 Nf6 5. Nf3 Nc6 6. Bb5 Ne4 7. Bd2 Nxc3 8.
Bxc6+ bxc6 9. Bxc3 Qd5 10. O-O Bg4 11. Re1 Bxf3 12. Qxf3 Qxf3 13. gxf3 e6 14. b3 Kd7 15. Rad1 Bd6 16. Rd3 a5 17. a4 Rhb8 18. Bd2 Ke7 19. Bg5+ f6 20. Bd2 Kf7 21. Re2 Rd8 22. Rde3 e5 23. dxe5 Bxe5 24. Bc3 Bxc3 25. Rxc3 Rd6 26. Rc5 Ra6 27. Kg2 Rd5 28. Rc4 c5 29. Rce4 Rd7 30.
R2e3 Rc6 31. Re8 c4 32. Ra8 cxb3 33. cxb3 Rd5 34. h4 g5 35. h5 f5 36. Ree8 Rh6 37. Rf8+ Ke7 38. Rfc8 Rc5 39. Re8+ Kd7 40. Rad8+ Kc6 41.
Rg8 Rxh5 42. Rg7 Rc1 43. Rf8 Rhh1 44. f4 g4 0-1

[Event "*** Titled Tuesday Blitz"]
[Site "Chess.com"]
[Date "2021.04.20"]
[Round "9"]
[White "Das_Virus_2020"]
[Black "northridgehawk"]
[Result "1-0"]
[WhiteElo "2483"]
[BlackElo "2325"]
[TimeControl "180+1"]
[EndTime "11:44:45 PDT"]
[Termination "Das_Virus_2020 won by checkmate"]

1. e4 e5 2. Nc3 Nc6 3. g3 Nf6 4.
Bg2 Bc5 5. Nge2 d6 6. Na4 O-O 7. d3 Bg4 8. h3 Be6 9. c4 Qd7 10.
g4 Nd4 11. Ng3 c6 12. Nxc5 dxc5 13. f4 exf4 14. Bxf4 Rad8 15. Qd2 b5 16. b3 a5 17. O-O a4 18. Rab1 axb3 19. axb3 Ra8 20. e5 Ne8 21. Ne4 Qa7 22. Qf2 Nc7 23. Bh6 gxh6 24. Nf6+ Kh8 25. Qe3 Rg8 26. Qxh6 Rg7 27. Nh5 Rag8 28. Be4 f5 29. exf6 Ne8 30. fxg7+ Rxg7 31. Nxg7 Qxg7 32. Qxe6 Nxe6 33. Rf2 Qd4 34. Rf1 N8g7 35.
Kg2 h5 36. g5 Nxg5 37. Rf8# 1-0

[Event "*** Titled Tuesday Blitz"]
[Site "Chess.com"]
[Date "2021.04.20"]
[Round "9"]
[White "iulik86"]
[Black "MrChampion_Coach"]
[Result "1-0"]
[WhiteElo "2575"]
[BlackElo "2414"]
[TimeControl "180+1"]
[EndTime "11:44:47 PDT"]
[Termination "iulik86 won on time"]

1. d4 Nf6 2. c4 e6 3. g3 d5 4. Bg2 dxc4 5. Qa4+ Bd7 6. Qxc4 Bc6 7. Nf3 Bd6 8. O-O Nbd7 9. Bf4 O-O 10. Nc3 Bxf4 11. gxf4 Nb6 12. Qd3 Nbd5 13. e3 Nxc3 14. bxc3 Be4 15.
Qe2 c5 16. Rfd1 Qa5 17. Qb2 Qc7 18. Ne5 Rac8 19. Bxe4 Nxe4 20. c4 f6 21. Nf3 cxd4 22.
Nxd4 Nc5 23. Rab1 Qf7 24. Qc2 e5 25. Nb5 e4 26. Kh1 Qh5 27. Rg1 Nd3 28. Nd6 Rc7 29. Rg2 Rd8 30. Nxe4 Qf3 31. Nxf6+ Kh8 32. Ng4 Rcd7 33.
Rg1 Nc5 34. Ne5 Qe4 35. Qxe4 Nxe4 36. Nxd7 Rxd7 37. f3 Nc5 38. Re2 Rf7 39. Rd1 b6 40. Kg2 1-0

[Event "*** Titled Tuesday Blitz"]
[Site "Chess.com"]
[Date "2021.04.20"]
[Round "9"]
[White "Diaschess88"]
[Black "elcandado"]
[Result "1-0"]
[WhiteElo "2536"]
[BlackElo "2631"]
[TimeControl "180+1"]
[EndTime "11:44:48 PDT"]
[Termination "Diaschess88 won on time"]

1. d4 Nf6 2. c4 e6 3. Nf3 d5 4. Nc3 dxc4 5. e4 Bb4 6. Bg5 c5 7. e5 cxd4 8. Qa4+ Nc6 9. O-O-O Bd7 10. Ne4 Be7 11. Nxf6+ gxf6 12. exf6 Bxf6 13. Bxf6 Qxf6 14. Bxc4 Rc8 15. Kb1 Qg6+ 16. Bd3 Qxg2 17. Nxd4 a6 18. Nb3 Ne5 19. Qd4 f6 20. Be4 Qg4 21. Rhg1 Rc4 22. Qxd7+ Nxd7 23. Rxg4 Ne5 24. Nd2 Rd4 25. Bg6+ hxg6 26.
Rxd4 Rxh2 27. Ne4 f5 28. Nc5 Ke7 29. Rd6 Ng4 30. Rxe6+ Kf7 31. Rd7+ Kf8 32. Rxb7 Rxf2 33. Rc6 1-0

[Event "*** Titled Tuesday Blitz"]
[Site "Chess.com"]
[Date "2021.04.20"]
[Round "9"]
[White "ZeZacarias"]
[Black "chessprincesa1"]
[Result "0-1"]
[WhiteElo "2159"]
[BlackElo "2325"]
[TimeControl "180+1"]
[EndTime "11:44:48 PDT"]
[Termination "chessprincesa1 won by checkmate"]

1. d4 Nf6 2. c4 g6 3. Nc3 Bg7 4. e4 d6 5. Nf3 O-O 6. h3 e5 7.
d5 a5 8. Be3 Na6 9. g4 Nd7 10.
g5 Ndc5 11. Be2 a4 12. h4 c6 13. Nd2 cxd5 14. Nxd5 Be6 15. h5 Rc8 16. Bg4 Bxd5 17.
cxd5 Rc7 18. Qe2 Nb4 19. Nc4 Ncd3+ 20. Kf1 Rxc4 21. a3 Rc2 22. Qd1 Nxb2 23. Qb1 Nc4 24. axb4 Nxe3+ 25. fxe3 Rc3 26. Kf2 Qxg5 27. Qe1 Rb3 28.
Bd1 Rb2+ 29. Be2 f5 30. Qg1 fxe4+ 31. Ke1 Qd8 32. hxg6 Qb6 33. gxh7+ Kh8 34. Rh2 Qxb4+ 35. Kd1 Qd2# 0-1

[Event "*** Titled Tuesday Blitz"]
[Site "Chess.com"]
[Date "2021.04.20"]
[Round "9"]
[White "chessmadara"]
[Black "alejanchess73"]
[Result "0-1"]
[WhiteElo "2174"]
[BlackElo "2441"]
[TimeControl "180+1"]
[EndTime "11:44:48 PDT"]
[Termination "alejanchess73 won on time"]

1. e4 e6 2. d4 d5 3. Nc3 Bb4 4. e5 c5 5. Bd2 cxd4 6. Nb5 Be7 7. Nf3 Nc6 8. Nbxd4 Bd7 9. Bd3 Qc7 10. Qe2 a6 11. O-O Bc5 12. c3 Nge7 13. Rfe1 Ng6 14. Rac1 b5 15. h4 Nge7 16. Ng5 h6 17. Ngxe6 Bxe6 18. Nxe6 fxe6 19. Qg4 Kd7 20. Rcd1 Nxe5 21. Qh3 N7c6 22. Bb1 Rae8 23. Bf4 Bd6 24. Rxd5 Kc8 25. Red1 Nf3+ 26. gxf3 Bxf4 27. Bg6 Re7 28. Qg4 Kb7 29. Rc5 h5 30. Rxh5 Rxh5 31. Qxh5 Qe5 32. Qg4 Qe2 33. Rf1 Bc7 34. Be4 Qxb2 35. Qg5 Rd7 36. Qc5 Rd6 37. Re1 Qd2 38. Rf1 Qf4 0-1